 Dungeon Crawl Stone Soup version 0.19-a0-231-gae044c8 (webtiles) character file.

709331 Chemotherapy the Peltast (level 27, -10/123 HPs)
             Began as a Vine Stalker Berserker on May 23, 2016.
             Was the Champion of Trog.
             Mangled by an Orb Guardian (24 damage)
             ... on level 5 of the Realm of Zot on May 24, 2016.
             The game lasted 03:21:26 (61750 turns).

Chemotherapy the Peltast (Vine Stalker Berserker)  Turns: 61750, Time: 03:21:27

Health: -10/123    AC: 40    Str: 24 (26) XL:     27
Magic:  0/42       EV: 25    Int:  8      God:    Trog [******]
Gold:   5132       SH: 32    Dex: 30 (31) Spells: 0 memorised, 26 levels left

rFire  + + .     SeeInvis .     a - +7 captain's cutlass {speed, disarm}
rCold  + . .     Gourm    .     l - +8 plate armour of the Secret Seas {rF+ rCorr}
rNeg   + . .     Faith    .     r - +7 large shield
rPois  +         Spirit   +     V - +0 Maxwell's etheric cage {RegenMP+ *Contam rElec MP+4}
rElec  +         Dismiss  .     v - +2 cloak {MR+}
rCorr  +         Reflect  .     K - +3 pair of gauntlets of War {Slay+5}
SustAt .         Harm     .     W - +2 pair of boots "Xefoiff" {rC+ Regen+ Dex+4}
MR     +++++                    N - amulet of Ducoecil {RegenMP rPois Dex+4 Stlth+}
Stlth  ++........               A - ring "Iffuh" {+Blink rN+ MR++}
                                J - ring of the Octopus King {rF+ AC+1 EV+1 Str+1 Int+1 Dex+1}

@: exhausted, about to teleport, very slightly contaminated, starving, almost
entirely resistant to hostile enchantments, unstealthy
A: fangs 3, blurry vision 1, deterioration 2, frail 2, regeneration 3, magic
shield, antimagic bite, no device heal 3, rot immunity, subdued magic 1,
MP-powered wands
a: Berserk, Trog's Hand, Brothers in Arms, Burn Spellbooks, Renounce Religion,
Evoke Blink
0: Orb of Zot
}: 4/15 runes: barnacled, slimy, silver, gossamer


You were on level 5 of the Realm of Zot.
You worshipped Trog.
Trog was exalted by your worship.
You were starving.

You visited 10 branches of the dungeon, and saw 57 of its levels.
You visited 1 bazaar.
You visited 1 ziggurat, and saw 12 of its levels.
You also visited: Labyrinth, Sewer, Ossuary, Ice Cave, Volcano and Wizlab.

You collected 8629 gold pieces.
You spent 3497 gold pieces at shops.

Inventory:

Hand Weapons
 a - the +7 captain's cutlass (weapon) {speed, disarm}
   (You found it on level 11 of the Dungeon)

   Attacks with this weapon are significantly faster.
Armour
 l - the +8 plate armour of the Secret Seas (worn) {rF+ rCorr}
   (You found it on level 6 of the Pits of Slime)

   It protects you from fire.
   It protects you from acid and corrosion.
 r - a +7 large shield (worn)
   (You took it off a vault guard on level 4 of the Vaults)
 v - a +2 cloak of magic resistance (worn)
   (You took it off Maurice on level 9 of the Dungeon)
 K - the +3 pair of gauntlets of War (worn) {Slay+5}
   (You found it on level 3 of the Elven Halls)

   It affects your accuracy and damage with ranged weapons and melee attacks
   (+5).
 V - the +0 Maxwell's etheric cage (worn) {RegenMP+ *Contam rElec MP+4}
   (You found it on level 12 of a ziggurat)

   It insulates you from electricity.
   It affects your magic capacity (+4).
   It causes magical contamination when unequipped.
 W - the +2 pair of boots "Xefoiff" (worn) {rC+ Regen+ Dex+4}
   (You bought it in a shop in a bazaar)

   It affects your dexterity (+4).
   It protects you from cold.
   It increases your rate of regeneration.
Rods
 b - a +9 rod of clouds (15/15) {!a}
   (You found it on level 6 of the Pits of Slime)
 U - a +8 rod of shadows (16/16)
   (You found it on level 12 of a ziggurat)
Jewellery
 h - an uncursed ring of positive energy {rN+}
   (You found it on level 10 of the Dungeon)
 y - a +6 amulet of reflection
   (You found it on level 3 of the Dungeon)
 A - the ring "Iffuh" (right hand) {+Blink rN+ MR++}
   (You took it off a deep elf mage on level 3 of the Elven Halls)

   [ring of positive energy]

   It protects you from negative energy.
   It affects your resistance to hostile enchantments.
   It lets you blink.
 J - a ring of the Octopus King (left hand) {rF+ AC+1 EV+1 Str+1 Int+1 Dex+1}
   (You found it on level 9 of a ziggurat)

   [ring of protection from fire]

   It affects your AC (+1).
   It affects your evasion (+1).
   It affects your strength (+1).
   It affects your intelligence (+1).
   It affects your dexterity (+1).
   It protects you from fire.
 L - an uncursed ring of see invisible {sInv, !d}
   (You found it on level 4 of the Dungeon)
 N - the amulet of Ducoecil (around neck) {RegenMP rPois Dex+4 Stlth+}
   (You found it on level 12 of a ziggurat)

   [amulet of magic regeneration]

   It increases your magic regeneration.
   It affects your dexterity (+4).
   It protects you from poison.
   It makes you more stealthy.
Wands
 m - a wand of acid (7/15)
   (You found it on level 2 of the Depths)
 G - a wand of paralysis (9/24)
   (You found it on level 3 of the Realm of Zot)
 M - a wand of digging (15/24)
   (You found it on level 2 of the Depths)
 O - a wand of teleportation (4/9)
   (You found it in a labyrinth)
 Z - a wand of disintegration (17/24)
   (You found it on level 1 of the Lair of Beasts)
Scrolls
 k - 5 scrolls of teleportation
 p - 30 scrolls of remove curse
 u - 10 scrolls of recharging
 w - 6 scrolls of blinking {!r}
 z - 12 scrolls of identify
 C - a scroll of holy word {!r}
 D - a scroll of silence
 E - 5 scrolls of magic mapping {!r}
 F - 4 scrolls of fear
 S - 13 scrolls of fog
Potions
 e - 5 potions of cure mutation {!q}
 i - a potion of cancellation
 j - 21 potions of curing
 n - 5 potions of flight
 q - 3 potions of haste
 s - 7 potions of magic
 t - 3 potions of might
 x - 10 potions of lignification {!q}
 Q - a potion of resistance
 R - 6 potions of invisibility
Miscellaneous
 d - a disc of storms
   (You found it on level 5 of the Lair of Beasts)
 g - a lamp of fire
   (You found it on level 4 of the Depths)
 B - a phial of floods
   (You found it on level 3 of the Elven Halls)
 T - a fan of gales
   (You found it on level 1 of the Depths)
 X - a phantom mirror
Comestibles
 c - 29 bread rations {@e1}
 f - 15 meat rations {@e2}
 H - a slice of pizza


   Skills:
 + Level 18.8 Fighting
 + Level 15.4 Short Blades
   Level 0.1(10.3) Long Blades
 + Level 16.6 Armour
 + Level 18.2 Dodging
 - Level 19.4 Stealth
 + Level 20.7 Shields
 + Level 20.0 Evocations


You had 26 spell levels left.
You didn't know any spells.

Dungeon Overview and Level Annotations

Branches:
Dungeon (15/15)            Temple (0/1) D:4            Lair (8/8) D:11
 Shoals (4/4) Lair:3       Spider (4/4) Lair:4        Slime (6/6) Lair:8
    Orc (2/2) D:10            Elf (3/3) Orc:2        Vaults (5/5) D:14
  Crypt (0/3) Vaults:2     Depths (5/5) D:15            Zot (5/5) Depths:5

Altars:
Ashenzari
Cheibriados
Elyvilon
Gozag
Kikubaaqudgha
Pakellas
Sif Muna
Trog
Yredelemnul
Zin
The Shining One
Beogh
Jiyva

Shops:
D:4 *   D:5 *   D:12 [   D:13 *   Orc:2 ![[[   Elf:3 ?   Shoals:1 :
Shoals:2 (   Vaults:5 !?!

Portals:
Hell: Depths:1 Depths:2 Depths:3 Depths:4 Depths:5
Pandemonium: Depths:1 Depths:3 Depths:4

Annotations:
Lair:3 exclusion: oklob plant
Slime:1 exclusion: jelly
Slime:2 exclusion: jelly
Slime:3 exclusion: jelly
Slime:4 exclusion: jelly
Slime:6 exclusion: jelly


Innate Abilities, Weirdness & Mutations

You have razor-sharp teeth.
You regenerate.
When hurt, damage is shared between your health and your magic reserves.
Your bite disrupts and absorbs the magic of your enemies.
Potions and wands cannot restore your health.
You are immune to rotting.
Scrolls take you a little longer to read.
Your body often deteriorates upon taking damage.
You are very frail. (-20% HP)
Your spells are a little easier to cast, but a little less powerful.
You expend magic power (3 MP) to strengthen your wands.


Message History

The Orb Guardian hits you but does no damage.
The Orb Guardian misses you.
You regained 4 mp, and now have 39/42 mp.
You slash the tentacled monstrosity! You bite the tentacled monstrosity.
You drain its power.
You feel invigorated.
You block the tentacled monstrosity's attack.
The tentacled monstrosity tentacle-slaps you but does no damage.
You block the tentacled monstrosity's attack.
The tentacled monstrosity misses you.
You hit the tentacled monstrosity. You bite the tentacled monstrosity.
You drain its power.
You feel invigorated. You block the Orb Guardian's attack.
You block the wandering mushroom's attack.
You block the Orb Guardian's attack.
MP restored: 42 You hit the tentacled monstrosity.
You bite the tentacled monstrosity! You drain its power.
You block the Orb Guardian's attack.
You block the tentacled monstrosity's attack.
The tentacled monstrosity barely misses you.
The tentacled monstrosity tentacle-slaps you but does no damage.
You block the tentacled monstrosity's attack.
The Orb Guardian hits you but does no damage.
You slash the orb of fire! You bite the orb of fire!!
The orb of fire's magic leaks into the air.
You drain its magic.
The wandering mushroom barely misses you.
The Orb Guardian hits you!!
* * * LOW HITPOINT WARNING * * *
You take 6 damage, and have 14/123 hp.
You now have 27/42 mp.
You completely miss the orb of fire. Your bite misses the orb of fire.
The Orb Guardian hits you but does no damage.
The ancient lich mumbles some strange words.
The ancient lich flickers and vanishes!
Deactivating autopickup; reactivate with Ctrl-A.
The tentacled monstrosity tentacle-slaps you but does no damage.
You block the tentacled monstrosity's attack. x2
The tentacled monstrosity grabs you.
The tentacled monstrosity constricts you.
The Orb Guardian completely misses you.
The wandering mushroom closely misses you.
Read which item? (? for menu, Esc to quit)
Really read
w - 7 scrolls of blinking {!r}?
Really read with blurry vision while enemies are nearby? [Y]es or [N]o only, please.
Really read with blurry vision while enemies are nearby?
You block the Orb Guardian's attack.
The tentacled monstrosity closely misses you.
The tentacled monstrosity barely misses you.
You block the tentacled monstrosity's attack.
The tentacled monstrosity constricts you.
The Orb Guardian hits you!!
* * * LOW HITPOINT WARNING * * *
You begin reading the scroll.
You continue reading the scroll.
You block the Orb Guardian's attack.
The orb of fire glows deep purple.
Strange energies course through your body.
Your connection to magic feels subdued.
You block the wandering mushroom's attack.
You block the Orb Guardian's attack. x2
The tentacled monstrosity tentacle-slaps you but does no damage. x2
You block the tentacled monstrosity's attack.
The tentacled monstrosity constricts you.
The wandering mushroom releases spores at you.
* * * LOW HITPOINT WARNING * * *
You are engulfed in a cloud of spores!
The Orb Guardian misses you.
The Orb Guardian hits you but does no damage.
Blink to where?
You escape the tentacled monstrosity's grasp.
You are very lightly contaminated with residual magic.
As you read the scroll of blinking {!r}, it crumbles to dust.
An Orb Guardian comes into view.
You take 6 damage, and have 9/123 hp.
You now have 14/42 mp.
Read which item? (? for menu, Esc to quit)
Really read with blurry vision while enemies are nearby?
You block the wandering mushroom's attack.
You begin reading the scroll.
You continue reading the scroll.
You block the Orb Guardian's attack.
You block the wandering mushroom's attack.
You block the Orb Guardian's attack. The Orb Guardian misses you.
You feel you are being watched by something.
You feel your power leaking away.
You hear a distant "Zot"!
As you read the scroll of teleportation, it crumbles to dust.
You feel strangely unstable.
You regained 3 hp, and now have 12/123 hp.
You now have 12/42 mp.
You pick up the Orb of Zot!
The Orb lets out a hideous shriek!
You feel the Orb delaying your translocation!
The lords of Pandemonium are not amused.
Beware!
Now all you have to do is get back out of the dungeon!
You feel yourself speed up.
You hear a roar! x2; You hear a chilling moan.
The Orb Guardian closely misses you.
You feel you are being watched by something.
You feel your power leaking away. You block the Orb Guardian's attack. x2
The Orb Guardian is engulfed in dark miasma.
The Orb Guardian is poisoned.
The Orb Guardian seems to slow down.
The Orb Guardian hits you but does no damage.
The Orb Guardian hits you!!
You die...

***** ***** ,,,.▓▓▓* ****,,,,
.......▓▓▓ ***,,,,,,, .........▓▓
**,,,,,,,,, ..........▓ ▓▓▓▓▓▓▓▓▓
*,,,,,,,,,,
..........▓▓▓.......▓▓*,,,,,,,,,,
..........▓▓f........▓▓,,,,,,,,,,
..........▓ff..X......▓.,,,,,,,,,
...........{f.X*@XX.....,,,,,,,,,
.........f▓.ffX.z.....▓.,,,,,,,,,
..........▓▓f..X.....▓▓,,,,,,,,,,
..^.......▓▓▓.......▓▓*,,,,,,,,,,
..........# ▓▓▓▓▓▓▓▓▓ *,,,,,,,,,,
.........## **,,,,,,,,,
.......▓## ***,,,,,,, ....▓▓▓▓
****,,,, #▓▓▓▓▓▓▓* #▓▓▓▓▓▓▓▓


You could see an orb of fire, a tentacled monstrosity, a curse toe, 5 Orb
Guardians, a deathcap and 7 wandering mushrooms.

Vanquished Creatures
  the Royal Jelly (Slime:6)
  Dissolution (Slime:6)
  2 orbs of fire (Zot:5)
  5 ancient liches
  Mara (Spider:4)
  A juggernaut (Depths:4)
  5 golden dragons
  Nikola (Shoals:2)
  2 bone dragons (Depths:5)
  Arachne (Spider:3)
  the Enchantress (Depths:2)
  A Brimstone Fiend (Depths:4)
  2 liches
  2 electric golems (Zot:1)
  7 Orb Guardians (Zot:5)
  An Ice Fiend (Depths:4)
  2 deep elf blademasters (Elf:3)
  7 titans
  11 tentacled monstrosities
  2 deep elf master archers (Elf:3)
  4 quicksilver dragons
  24 acid blobs
  The ghost of badtown the Devastator, an adept DECj of Vehumet (Vaults:1)
  4 death cobs
  4 sphinxes
  A kraken (Shoals:4)
  An ancient champion (WizLab)
  5 tengu reavers
  7 shadow dragons
  3 storm dragons
  3 draconian monks
  Roxanne (Spider:4)
  11 fire giants
  Ilsuiw (Shoals:4)
  3 greater nagas (Zig:11)
  17 azure jellies
  Wiglaf (Vaults:1)
  3 ghost moths (Spider:4)
  8 deep elf sorcerers
  An orc warlord (Orc:2)
  An iron dragon (Depths:4)
  4 balrugs
  6 frost giants
  12 vault wardens
  2 draconian zealots (Zot:1)
  7 draconian shifters
  A draconian knight (Zot:1)
  10 deep elf elementalists
  Louise (Spider:3)
  A ghoul (Vaults:4)
  3 spriggan defenders (Depths:2)
  2 draconian scorchers
  Aizul (Shoals:2)
  3 emperor scorpions
  3 draconian annihilators
  25 ironheart preservers
  2 salamander stormcallers (Vaults:5)
  21 very ugly things
  A draconian caller (Zot:1)
  4 green draconians
  3 black draconians
  14 stone giants
  2 vampire knights
  7 yellow draconians
  11 deep elf annihilators
  3 red draconians
  4 white draconians
  2 mottled draconians
  9 deep elf demonologists
  7 merfolk javelineers
  5 purple draconians
  6 blizzard demons
  11 ettins
  5 spark wasps
  A crystal guardian (Vaults:2)
  12 death oozes
  A quicksilver dragon zombie (Depths:2)
  Snorg (Lair:7)
  9 deep elf death magi
  32 vault guards
  2 deep elf high priests (Elf:3)
  10 merfolk impalers
  11 fire dragons
  A minotaur (Lab)
  13 yaktaur captains
  A mummy priest (Zig:5)
  2 jiangshi (Depths:3)
  19 great orbs of eyes
  Josephine (Shoals:1)
  17 ice dragons
  12 entropy weavers
  12 hydras
  5 rakshasas
  A naga warrior (Zig:11)
  2 alligator snapping turtles
  2 anacondas (Zig:11)
  5 merfolk aquamancers
  2 catoblepae
  3 spriggan air magi
  23 ogre magi
  4 death knights
  4 merfolk avatars
  11 centaur warriors
  A hell hog (Zig:8)
  3 death yaks (Lair:8)
  28 dancing weapons
  An alligator (Zig:2)
  3 naga sharpshooters
  6 tengu warriors
  3 vampire magi
  Urug (D:12)
  7 deep troll shamans
  7 deep troll earth magi
  5 orc high priests
  A shock serpent (Zig:11)
  31 deep elf knights
  A sun demon (Depths:1)
  3 shadow wraiths
  10 skeletal warriors
  4 iron trolls
  An iron giant skeleton (Zig:8)
  8 sea snakes
  12 hell knights
  A storm dragon skeleton (Depths:2)
  A flayed ghost (Vaults:4)
  A golden dragon zombie (Zig:8)
  A spark wasp zombie (Zig:8)
  A shadow demon (Depths:3)
  2 large abominations (Vaults:4)
  2 giant orange brains
  A shadow dragon zombie (Zig:12)
  32 deep trolls
  A swamp dragon (shapeshifter) (Vaults:5)
  2 swamp dragons (Zig:7)
  A naga ritualist (Zig:11)
  Pikel (D:4)
  4 phantasmal warriors
  2 obsidian statues
  9 necromancers
  25 deep elf archers
  A lindwurm (Lair:7)
  An anubis guard (Zig:5)
  6 hill giants
  A sphinx zombie (Zig:8)
  An anubis guard (shapeshifter) (Depths:1)
  2 tengu zombies (Zig:12)
  A wolf spider zombie (D:15)
  20 ironbrand convokers
  4 wizards
  10 orc sorcerers
  17 orb spiders
  88 deep elf magi
  21 harpies
  3 tengu skeletons
  A mana viper (shapeshifter) (Vaults:4)
  4 cyclopes
  27 wolf spiders
  13 moths of wrath
  42 ugly things
  15 fauns
  14 griffons
  10 orc knights
  8 manticores
  8 sphinx skeletons
  9 shining eyes
  A sixfirhy (Depths:3)
  2 salamanders (Zig:11)
  7 sirens
  A manticore (shapeshifter) (Depths:1)
  An elephant (shapeshifter) (Vaults:3)
  9 hornets
  13 elephants
  A rust devil (Depths:3)
  15 vault sentinels
  2 guardian serpents (Zig:11)
  A stone giant skeleton (Depths:2)
  Maurice (D:9)
  An octopode (shapeshifter) (D:15)
  13 black mambas
  2 fire giant skeletons
  2 ice statues (IceCv)
  4 naga magi
  2 torpor snails
  An orange demon (Depths:3)
  A smoke demon (Depths:1)
  A water nymph (shapeshifter) (Depths:3)
  3 water nymphs
  5 eyes of devastation
  A gargoyle (D:12)
  8 komodo dragons
  18 spiny frogs
  4 kobold demonologists
  56 yaktaurs
  7 rime drakes
  3 efreet
  3 tormentors
  2 hellions
  3 small abominations
  5 tengu conjurers
  2 ice devils (Depths:1)
  6 demonic crawlers
  42 jumping spiders
  40 merfolk
  A harpy zombie (D:15)
  46 two-headed ogres
  4 guardian mummies
  3 human skeletons
  2 minotaur zombies (Lab)
  15 freezing wraiths
  4 wind drakes
  6 trolls
  29 blink frogs
  A merfolk (shapeshifter) (Depths:2)
  A polar bear (Lair:8)
  A two-headed ogre (shapeshifter) (Depths:2)
  A giant leech (Zig:2)
  A slime creature (shapeshifter) (Depths:3)
  8 boulder beetles
  71 slime creatures
  A bog body (Zig:7)
  An ushabti (Zig:5)
  2 human simulacra (Vaults:3)
  16 snapping turtles
  2 stone giant simulacra
  4 flying skulls
  An ettin zombie (Depths:2)
  2 spriggans (Depths:2)
  7 air elementals
  2 ettin skeletons
  2 shadows
  A spriggan (shapeshifter) (Depths:1)
  15 water elementals
  31 tarantellas
  8 vampires
  99 redbacks
  6 wraiths
  A hog (D:9)
  16 humans
  58 yaks
  6 fire elementals
  4 hill giant zombies (WizLab)
  6 hippogriffs
  A golden eye (Zig:10)
  A golden eye (shapeshifter) (Vaults:5)
  Eustachio (D:6)
  A neqoxec (Depths:3)
  3 wyverns
  An elf skeleton (Depths:2)
  A hippogriff (shapeshifter) (Vaults:1)
  9 basilisks
  Menkaure (D:6)
  A hill giant skeleton (Volcano)
  14 vampire mosquitoes
  7 wargs
  5 swamp worms (D:15)
  2 soldier ants
  An insubstantial wisp (Zig:7)
  23 water moccasins
  3 mottled dragons
  The ghost of Quilel the Vexing, an amateur DEEn (Sewer)
  A hell hound (Zig:8)
  A soldier ant (shapeshifter) (Depths:2)
  16 porcupines
  2 giant eyeballs
  19 ice beasts
  A phantom (D:10)
  4 sky beasts
  3 wasps
  2 black bears
  7 eyes of draining
  35 orc warriors
  74 ogres
  11 boggarts
  A necrophage (D:10)
  8 killer bees
  10 wolves
  9 centaurs
  12 crocodiles
  7 big kobolds
  2 elf zombies (Ossuary)
  24 giant frogs
  A glowing shapeshifter simulacrum (Vaults:2)
  4 earth elementals
  A gnoll sergeant (D:11)
  A water moccasin skeleton (D:4)
  5 scorpions
  7 troll zombies (WizLab)
  9 wights
  3 spriggan skeletons
  2 troll skeletons (Volcano)
  A howler monkey (D:11)
  An electric eel (D:15)
  12 crimson imps
  2 quasits (D:10)
  3 centaur zombies
  2 human zombies (Ossuary)
  A giant frog zombie (D:8)
  A wasp zombie (D:9)
  34 jellies
  6 hounds
  Crazy Yiuf (D:2)
  19 orc priests
  9 centaur skeletons
  5 giant frog skeletons
  Jessica (D:2)
  13 iguanas
  Ijyb (D:2)
  22 orc wizards
  22 worker ants
  2 hell rats (Lair:2)
  27 sheep
  A big kobold zombie (Ossuary)
  7 ogre zombies (WizLab)
  A hound zombie (D:6)
  A naga skeleton (Volcano)
  An ogre skeleton (Lab)
  8 mummies
  A howler monkey skeleton (D:4)
  12 gnolls
  22 adders
  66 river rats
  4 shadow imps
  20 white imps
  6 oozes
  5 adder zombies
  An adder skeleton (D:9)
  15 worms
  3 dart slugs
  6 giant geckos
  71 orcs
  7 giant cockroaches
  A gnoll zombie (Ossuary)
  8 hobgoblins
  4 jackals (D:1)
  3 quokkas
  13 ball pythons
  4 bats
  8 giant newts
  7 goblins
  2 goblin zombies (Ossuary)
  5 hobgoblin zombies (Ossuary)
  3 jackal zombies
  36 kobolds
  3 kobold zombies (Ossuary)
  An orc zombie (Ossuary)
  5 quokka zombies (Ossuary)
  25 rats
  6 rat zombies (Ossuary)
  A crawling corpse (Vaults:5)
  2 fungi
  2 plants (D:15)
2841 creatures vanquished.

Vanquished Creatures (collateral kills)
  An ancient lich (WizLab)
  An orc warlord (Orc:2)
  A spark wasp (Depths:4)
  3 vault guards (Vaults:5)
  A fire dragon (Depths:4)
  A merfolk aquamancer (Shoals:1)
  A griffon (Shoals:1)
  A hornet (Spider:4)
  2 manticores (Shoals:1)
  4 merfolk (Shoals:1)
  2 jumping spiders (Spider:4)
  A snapping turtle (Shoals:1)
  6 redbacks (Spider:4)
  A water elemental (Shoals:1)
  A tarantella (Spider:4)
  A wraith (Shoals:1)
  A warg (Orc:2)
  A centaur (Shoals:1)
  An orc wizard (Orc:2)
  8 orcs (Orc:2)
39 creatures vanquished.

Vanquished Creatures (others)
  The ghost of Tanky the Hoplite, a veteran GrBe of Trog (Slime:3)
  A war gargoyle (Vaults:5)
  2 yaktaur captains
  A merfolk javelineer (Shoals:1)
  A centaur warrior (Depths:2)
  A satyr (Shoals:3)
  2 deep elf knights
  A shadow wraith (Vaults:3)
  A harpy (Vaults:2)
  A deep elf archer (Vaults:3)
  A cyclops (Vaults:1)
  A wizard (D:4)
  2 sirens (Shoals:4)
  13 yaktaurs
  A jumping spider (Spider:1)
  A two-headed ogre (Vaults:4)
  A bog body (Zig:7)
  A redback (Spider:2)
  2 ogres
  A killer bee (D:7)
  2 crimson imps (Depths:4)
  An orc wizard (Orc:1)
  A white imp (Depths:4)
  2 giant cockroaches (D:4)
  A bush (Lair:2)
  11 fungi
  10 plants
  4 tentacles (Shoals:4)
  50 tentacle segments (Shoals:4)
118 creatures vanquished.

Grand Total: 2998 creatures vanquished

Notes
Turn   | Place    | Note
--------------------------------------------------------------
     0 | D:1      | Chemotherapy the Vine Stalker Berserker began the quest for the Orb.
     0 | D:1      | Reached XP level 1. HP: 11/11 MP: 2/2
   103 | D:1      | Found a shattered altar of Ashenzari.
   170 | D:1      | Reached XP level 2. HP: 16/16 MP: 3/3
   181 | D:1      | Reached skill level 3 in Short Blades
   285 | D:1      | Reached skill level 3 in Fighting
   688 | D:1      | Reached XP level 3. HP: 16/20 MP: 2/4
   752 | D:2      | Noticed Jessica
   761 | D:2      | Killed Jessica
   761 | D:2      | Reached skill level 2 in Armour
   790 | D:2      | Noticed Crazy Yiuf
   796 | D:2      | Killed Crazy Yiuf
   796 | D:2      | Reached skill level 2 in Dodging
   796 | D:2      | Reached XP level 4. HP: 21/24 MP: 5/5
   884 | D:2      | Noticed Ijyb
   890 | D:2      | Killed Ijyb
   890 | D:2      | Reached ** piety under Trog
   962 | D:2      | Reached XP level 5. HP: 28/28 MP: 6/6
  1196 | D:2      | Found an oddly glowing altar of Pakellas.
  1276 | D:2      | Reached skill level 4 in Short Blades
  1581 | D:3      | Found a glowing drain.
  1604 | Sewer    | Entered a sewer
  1646 | Sewer    | Reached *** piety under Trog
  1699 | Sewer    | Noticed Quilel's ghost (amateur DEEn)
  1713 | Sewer    | Killed Quilel's ghost
  1713 | Sewer    | Gained mutation: You heal very quickly. [Vine Stalker growth]
  1713 | Sewer    | Reached XP level 6. HP: 33/33 MP: 7/7
  2024 | Sewer    | Reached **** piety under Trog
  2106 | Sewer    | Reached skill level 3 in Armour
  2153 | Sewer    | Reached skill level 4 in Fighting
  2153 | Sewer    | Reached skill level 5 in Short Blades
  2153 | Sewer    | Reached XP level 7. HP: 31/37 MP: 8/8
  2173 | Sewer    | Reached skill level 3 in Dodging
  2468 | D:3      | Found a faded altar to an unknown god.
  2549 | D:3      | Found a bloodstained altar of Trog.
  2906 | D:3      | You fall through a shaft for 3 floors!
  2931 | D:6      | Gained mutation: You have razor-sharp teeth. [Vine Stalker growth]
  2931 | D:6      | Reached XP level 8. HP: 42/42 MP: 9/9
  2992 | D:6      | Reached skill level 6 in Short Blades
  3191 | D:6      | Noticed Menkaure
  3202 | D:6      | Killed Menkaure
  3202 | D:6      | Reached skill level 4 in Armour
  3342 | D:6      | Reached skill level 5 in Fighting
  3560 | D:6      | Noticed Eustachio
  3580 | D:6      | Received a gift from Trog
  3594 | D:6      | Killed Eustachio
  3594 | D:6      | Reached skill level 7 in Short Blades
  3671 | D:5      | Entered Level 5 of the Dungeon
  3671 | D:5      | Found an opulent altar of Gozag.
  3671 | D:5      | Found an ancient bone altar of Kikubaaqudgha.
  3671 | D:5      | Found a glowing silver altar of Zin.
  3671 | D:5      | Found a deep blue altar of Sif Muna.
  3674 | D:5      | Found a snail-covered altar of Cheibriados.
  3887 | D:5      | Reached XP level 9. HP: 42/47 MP: 8/10
  4175 | D:5      | Reached ***** piety under Trog
  4259 | D:5      | Found a sand-covered staircase.
  4267 | Ossuary  | Entered an ossuary
  4292 | Ossuary  | Reached skill level 8 in Short Blades
  4400 | Ossuary  | Reached skill level 5 in Armour
  4486 | Ossuary  | Reached skill level 6 in Fighting
  5110 | D:5      | Found Nautoi's General Store.
  5115 | D:5      | Bought a scroll of magic mapping for 38 gold pieces
  5115 | D:5      | Bought a scroll of fear for 38 gold pieces
  5115 | D:5      | Bought a scroll of teleportation for 33 gold pieces
  5242 | D:4      | Found Cylam's General Store.
  5269 | D:4      | Bought a scroll of remove curse for 33 gold pieces
  5269 | D:4      | Bought a potion of curing for 33 gold pieces
  5269 | D:4      | Bought a potion of agility for 44 gold pieces
  5319 | D:4      | Noticed Pikel
  5330 | D:4      | Killed Pikel
  5330 | D:4      | Reached skill level 9 in Short Blades
  5365 | D:4      | Reached XP level 10. HP: 50/53 MP: 11/11
  5522 | D:4      | Found a staircase to the Ecumenical Temple.
  5527 | D:4      | Found a bloodstained altar of Trog.
  5528 | D:4      | Noticed a wizard
  5532 | D:4      | Killed a wizard
  6014 | D:7      | Reached skill level 6 in Armour
  6111 | D:7      | You fall through a shaft for 2 floors!
  6496 | D:8      | Reached skill level 10 in Short Blades
  6550 | D:8      | Reached skill level 7 in Fighting
  7529 | D:7      | Received a gift from Trog
  8024 | D:9      | Noticed Maurice
  8035 | D:9      | Killed Maurice
  8035 | D:9      | Reached XP level 11. HP: 59/59 MP: 12/12
  8257 | D:9      | Reached skill level 11 in Short Blades
  8319 | D:9      | Found a glowing golden altar of the Shining One.
  8321 | D:9      | Noticed an angel
  8341 | D:9      | Found a basalt altar of Yredelemnul.
  8343 | D:9      | Noticed a profane servitor
  8449 | D:9      | Reached skill level 7 in Armour
  8454 | D:9      | Reached skill level 8 in Fighting
  8615 | D:9      | Gained mutation: You are somewhat resistant to further mutation. [potion of mutation]
  8629 | D:10     | Entered Level 10 of the Dungeon
  8859 | D:10     | Got a slimy scale mail
  8870 | D:10     | Identified the +0 scale mail "Diukhlax" {Int+4 Stlth+} (You found it on level 10 of the Dungeon)
  8956 | D:10     | Found a staircase to the Orcish Mines.
  9569 | D:11     | Noticed a four-headed hydra
  9576 | D:11     | Killed a four-headed hydra
  9666 | D:11     | Noticed a skeletal warrior
  9667 | D:11     | Noticed a centaur warrior
  9690 | D:11     | Killed a skeletal warrior
  9690 | D:11     | Reached skill level 1 in Shields
  9696 | D:11     | Killed a centaur warrior
  9696 | D:11     | Reached skill level 4 in Dodging
  9751 | D:11     | Noticed a tengu warrior
  9781 | D:11     | Killed a tengu warrior
  9781 | D:11     | Reached skill level 2 in Shields
  9782 | D:11     | Noticed a centaur warrior
  9799 | D:11     | Killed a centaur warrior
  9874 | D:11     | Received a gift from Trog
  9946 | D:11     | Reached skill level 12 in Short Blades
 10040 | D:11     | Gained mutation: You regenerate. [Vine Stalker growth]
 10040 | D:11     | Reached XP level 12. HP: 32/65 MP: 13/13
 10172 | D:11     | HP: 16/65 [komodo dragon (19)]
 10175 | D:11     | Reached skill level 3 in Shields
 10267 | D:11     | Found a staircase to the Lair.
 10473 | Lair:1   | Entered Level 1 of the Lair of Beasts
 11396 | Lair:2   | Reached skill level 4 in Shields
 11413 | Lair:2   | Reached skill level 8 in Armour
 11431 | Lair:2   | Reached ****** piety under Trog
 11501 | Lair:2   | Reached skill level 9 in Fighting
 11521 | Lair:2   | Reached skill level 1 in Stealth
 11596 | Lair:2   | Reached skill level 2 in Stealth
 12328 | Lair:3   | Reached skill level 5 in Dodging
 12344 | Lair:3   | Received a gift from Trog
 12549 | Lair:3   | Found a white marble altar of Elyvilon.
 12555 | Lair:3   | Found a staircase to the Shoals.
 12555 | Lair:3   | Noticed a six-headed hydra
 12571 | Lair:3   | Killed a 13-headed hydra
 12571 | Lair:3   | Reached skill level 3 in Stealth
 12571 | Lair:3   | Reached skill level 5 in Shields
 12769 | Lair:3   | Reached XP level 13. HP: 46/70 MP: 14/14
 12863 | Lair:3   | Lost mutation: You are somewhat resistant to further mutation. [potion of cure mutation]
 13516 | Lair:4   | Reached skill level 4 in Stealth
 13542 | Lair:4   | Reached skill level 6 in Shields
 13649 | Lair:4   | Found a frozen archway.
 13709 | IceCv    | Entered an ice cave
 13767 | IceCv    | Reached skill level 13 in Short Blades
 14036 | IceCv    | Received a gift from Trog
 14070 | IceCv    | Noticed an ice dragon
 14074 | IceCv    | Noticed an ice dragon
 14084 | IceCv    | Killed an ice dragon
 14117 | IceCv    | Killed an ice dragon
 14614 | Lair:4   | HP: 17/71 [yak (2)]
 14619 | Lair:4   | HP: 15/71 [poisoned by a black mamba]
 14624 | Lair:4   | HP: 13/71 [poisoned by a black mamba]
 14629 | Lair:4   | HP: 13/71 [poisoned by a black mamba]
 14635 | Lair:4   | HP: 16/71 [poisoned by a black mamba]
 14827 | Lair:4   | Reached skill level 5 in Stealth
 15018 | Lair:4   | Found a hole to the Spider Nest.
 15229 | Lair:5   | Reached skill level 7 in Shields
 15742 | Lair:5   | Reached skill level 1 in Evocations
 16101 | Lair:5   | Reached skill level 9 in Armour
 16194 | Lair:6   | Reached XP level 14. HP: 64/76 MP: 15/15
 16226 | Lair:6   | Reached skill level 6 in Dodging
 16365 | Lair:6   | Reached skill level 6 in Stealth
 16384 | Lair:6   | Reached skill level 10 in Fighting
 16761 | Lair:6   | Reached skill level 8 in Shields
 16991 | Lair:7   | Reached skill level 2 in Evocations
 17402 | Lair:7   | Noticed Snorg
 17414 | Lair:7   | Killed Snorg
 17579 | Lair:7   | Reached skill level 14 in Short Blades
 17760 | Lair:8   | Entered Level 8 of the Lair of Beasts
 17826 | Lair:8   | Received a gift from Trog
 17863 | Lair:8   | Reached skill level 7 in Stealth
 18187 | Lair:8   | Reached skill level 3 in Evocations
 18444 | Lair:8   | Found a viscous altar of Jiyva.
 18445 | Lair:8   | Found a staircase to the Slime Pits.
 18723 | Lair:8   | Reached skill level 9 in Shields
 18723 | Lair:8   | Reached XP level 15. HP: 69/81 MP: 18/18
 19122 | Orc:1    | Entered Level 1 of the Orcish Mines
 19134 | Orc:1    | Received a gift from Trog
 19212 | Orc:1    | Found a dark tunnel.
 19218 | Volcano  | Entered a volcano
 19250 | Volcano  | Reached skill level 7 in Dodging
 19315 | Volcano  | Reached skill level 8 in Stealth
 19665 | Orc:1    | Reached skill level 4 in Evocations
 19827 | Orc:2    | Entered Level 2 of the Orcish Mines
 20111 | Orc:2    | Found Henac's Distillery.
 20199 | Orc:2    | Found Seratt's Armour Shoppe.
 20202 | Orc:2    | Found Siwasid's Armour Shop.
 20202 | Orc:2    | Found Efufeal's Armour Shop.
 20212 | Orc:2    | HP: 20/81 [orc priest/divine providence (10)]
 20214 | Orc:2    | Noticed an orc warlord
 20304 | Orc:2    | Found a staircase to the Elven Halls.
 20401 | Orc:2    | Received a gift from Trog
 20472 | Orc:2    | Killed an orc warlord
 20688 | Orc:2    | Noticed an orc warlord
 20699 | Orc:2    | Killed an orc warlord
 20699 | Orc:2    | Reached skill level 10 in Shields
 20939 | Orc:2    | Bought the +0 pair of boots of an ossuary {rF+ MR+} for 289 gold pieces
 20941 | Orc:2    | Bought the +6 scale mail of Classification {rElec rPois MR+} for 751 gold pieces
 21292 | D:12     | Found Zeax's Armour Shoppe.
 21294 | D:12     | Found a labyrinth entrance.
 21303 | Lab      | Entered a labyrinth
 21539 | Lab      | Got a pair of shimmering boots
 21539 | Lab      | Got a shimmering pewter ring
 21541 | Lab      | Identified the ring of Foolhardiness {SustAt Str+2} (You found it in a labyrinth)
 21552 | Lab      | Identified the +0 pair of boots "Cipoant" {SInv} (You found it in a labyrinth)
 21637 | D:12     | Reached skill level 9 in Stealth
 21684 | D:12     | Reached skill level 11 in Fighting
 21691 | D:12     | Reached skill level 10 in Armour
 21750 | D:12     | Noticed Urug
 21754 | D:12     | Killed Urug
 21961 | D:13     | Found Buonuder's General Store.
 22131 | D:13     | Reached skill level 5 in Evocations
 22355 | D:13     | Received a gift from Trog
 22503 | D:13     | Reached XP level 16. HP: 85/87 MP: 20/20
 23265 | D:14     | Found a gate to the Vaults.
 23280 | D:14     | Reached skill level 11 in Shields
 23312 | D:14     | Identified a scroll of acquirement
 23313 | D:14     | Got a heavily runed buckler
 23324 | D:14     | Identified the +0 buckler of Distant Worlds {Str+3} (You acquired it on level 14 of the Dungeon)
 23677 | D:15     | Entered Level 15 of the Dungeon
 23739 | D:15     | Received a gift from Trog
 23743 | D:15     | Got a pitted dagger {god gift}
 23744 | D:15     | Identified the +10 dagger "Ydox" {pierce, Str+4 Dex+3} (Trog gifted it to you on level 15 of the Dungeon)
 24007 | D:15     | Reached skill level 8 in Dodging
 24084 | D:15     | Reached skill level 10 in Stealth
 24092 | D:15     | Reached skill level 6 in Evocations
 24096 | D:15     | Found a staircase to the Depths.
 24629 | Spider:1 | Entered Level 1 of the Spider Nest
 24689 | Lair:4   | HP: 20/87 [poisoned by a redback]
 24694 | Lair:4   | HP: 12/87 [poisoned by a redback]
 24699 | Lair:4   | HP: 8/87 [poisoned by a redback]
 24704 | Lair:4   | HP: 5/87 [poisoned by a redback]
 24709 | Lair:4   | HP: 5/87 [poisoned by a redback]
 24714 | Lair:4   | HP: 7/87 [poisoned by a redback]
 24720 | Lair:4   | HP: 9/87 [poisoned by a redback]
 24727 | Lair:4   | HP: 12/87 [poisoned by a redback]
 24735 | Lair:4   | HP: 17/87 [poisoned by a redback]
 24949 | Lair:4   | HP: 20/87 [jumping spider (3)]
 25437 | Spider:1 | Received a gift from Trog
 25593 | Spider:1 | Received a gift from Trog
 25596 | Spider:1 | Got an ancient short sword {god gift}
 25597 | Spider:1 | Identified the +9 short sword "Iraycan" {elec, rF+ MR+} (Trog gifted it to you on level 1 of the Spider Nest)
 25694 | Spider:1 | Found a roughly hewn altar of Beogh.
 25712 | Spider:1 | Got a transparent scale mail
 25723 | Spider:1 | Identified the +6 scale mail "Ycytaw" {rPois MR+ Dex+3} (You found it on level 1 of the Spider Nest)
 25742 | Spider:1 | Got a transparent great sword
 25743 | Spider:1 | Identified the +8 great sword of False Accusations {slice, rPois rN++ Str-2} (You found it on level 1 of the Spider Nest)
 26258 | Spider:2 | Reached XP level 17. HP: 88/92 MP: 23/23
 26338 | Spider:2 | Reached skill level 12 in Shields
 26830 | Spider:3 | Noticed Arachne
 26886 | Spider:2 | HP: 23/93 [poisoned by a hornet]
 26895 | Spider:2 | HP: 23/93 [poisoned by a hornet]
 27002 | Spider:2 | Received a gift from Trog
 27029 | Spider:3 | Killed Arachne
 27120 | Spider:3 | Reached skill level 11 in Stealth
 27162 | Spider:3 | Noticed Louise
 27212 | Spider:3 | Reached skill level 7 in Evocations
 27467 | Spider:3 | Killed Louise
 28065 | Spider:4 | Entered Level 4 of the Spider Nest
 28124 | Spider:4 | Noticed Mara
 28127 | Spider:4 | Noticed Chemotherapy's illusion
 28169 | Spider:4 | Killed Mara
 28169 | Spider:4 | Reached skill level 12 in Fighting
 28169 | Spider:4 | Reached skill level 11 in Armour
 28169 | Spider:4 | Reached skill level 9 in Dodging
 28189 | Spider:4 | Noticed Roxanne
 28222 | Spider:4 | Killed Roxanne
 28462 | Spider:4 | HP: 33/139 [entropy weaver (7)]
 28467 | Spider:4 | HP: 33/139 [entropy weaver (1)]
 28481 | Spider:4 | HP: 20/93 [jumping spider (4)]
 28482 | Spider:4 | HP: 9/93 [jumping spider (9)]
 28700 | Spider:4 | Received a gift from Trog
 29053 | Spider:4 | Reached skill level 13 in Shields
 29175 | Spider:4 | Reached skill level 12 in Stealth
 29432 | Spider:4 | Reached XP level 18. HP: 76/98 MP: 24/24
 29520 | Spider:4 | Received a gift from Trog
 29726 | Spider:4 | Got a gossamer rune of Zot
 29999 | Shoals:1 | Entered Level 1 of the Shoals
 30049 | Shoals:1 | penpaper: sup
 30052 | Shoals:1 | Noticed Josephine
 30053 | Shoals:1 | Chemotherapy: hey how are you?
 30062 | Shoals:1 | penpaper: pretty good. you?
 30071 | Shoals:1 | Killed Josephine
 30090 | Shoals:1 | Reached skill level 8 in Evocations
 30108 | Shoals:1 | Chemotherapy: doing well
 30108 | Shoals:1 | Chemotherapy: got the results of the biopsy
 30108 | Shoals:1 | Chemotherapy: and the cancer matches my old cancer which is good
 30108 | Shoals:1 | penpaper: so...
 30111 | Shoals:1 | penpaper: oh, that's really good to hear
 30130 | Shoals:1 | penpaper: i mean, stage 4 i hear does stuff like that, but I'm really glad it wasn't lymphoma
 30137 | Shoals:1 | HP: 18/98 [manticore (11)]
 30145 | Shoals:1 | HP: 20/98 [merfolk/trident (1)]
 30147 | Shoals:1 | penpaper: are they going to treat it?
 30154 | Shoals:1 | HP: 23/98 [merfolk/trident (3)]
 30161 | Shoals:1 | HP: 20/98 [merfolk/tomahawk (8)]
 30176 | Shoals:1 | Chemotherapy: I'm not sure haven't actually talked to the doctor... probably just with the same chemo
 30176 | Shoals:1 | penpaper: they could probably also do something locally with radiation
 30176 | Shoals:1 | penpaper: i think
 30176 | Shoals:1 | Chemotherapy: yeah
 30176 | Shoals:1 | penpaper: probably don't want to remove it though, huh?
 30176 | Shoals:1 | Chemotherapy: we'll see what they want to do.. I'm just glad it wasn't what they were worried about
 30176 | Shoals:1 | penpaper: since it's on the node
 30176 | Shoals:1 | Chemotherapy: well and since I got it while they were removing the colon part
 30194 | Shoals:1 | penpaper: right
 30194 | Shoals:1 | penpaper: true
 30327 | Shoals:1 | Found Unaa's Book Boutique.
 30765 | Shoals:1 | Chemotherapy: how was your sunday? looks like you guys had a good bike ride
 30765 | Shoals:1 | penpaper: I've got a fighter going pretty well
 30765 | Shoals:1 | penpaper: yeah, sunday was nice
 30765 | Shoals:1 | penpaper: we rode from home around harriet and back
 30765 | Shoals:1 | penpaper: chris left for most the day so it was me and the girls
 30765 | Shoals:1 | penpaper: what did you guys do?
 30766 | Shoals:1 | Chemotherapy: we had people over and did some house projects which was fun
 30766 | Shoals:1 | Chemotherapy: not much else
 30809 | Shoals:2 | Received a gift from Trog
 30815 | Shoals:2 | penpaper: cool
 30855 | Shoals:2 | penpaper: when we gonna hang out? wanna make plans this week or something?
 30863 | Shoals:2 | penpaper: my parents are going to be in this Sat and Sun
 30863 | Shoals:2 | Chemotherapy: I would but my mom is in town and then henry and I are heading up north on Wed.
 30863 | Shoals:2 | Chemotherapy: until next tuesday
 30869 | Shoals:2 | penpaper: oh right
 30941 | Shoals:2 | penpaper: fun
 31080 | Shoals:2 | penpaper: did you get any runes yet?
 31096 | Shoals:2 | Chemotherapy: spider
 31096 | Shoals:2 | penpaper: nice
 31096 | Shoals:2 | Chemotherapy: I have a really nice sword which helps
 31096 | Shoals:2 | Chemotherapy: super fast attacks
 31096 | Shoals:2 | penpaper: cool
 31146 | Shoals:2 | penpaper: hey, you wanna look at my guy and make sure i'm equipped correctly?
 31146 | Shoals:2 | Chemotherapy: though I feel like the low hitpoints always makes vinestalkers risky
 31146 | Shoals:2 | Chemotherapy: sure
 31224 | Shoals:2 | Noticed Nikola
 31256 | Shoals:2 | Killed Nikola
 31274 | Shoals:2 | Noticed Aizul
 31310 | Shoals:2 | Killed Aizul
 31456 | Shoals:2 | Found Onuilec's Antique Weapon Shoppe.
 32426 | Shoals:3 | Received a gift from Trog
 32490 | Shoals:3 | Reached skill level 14 in Shields
 32582 | Shoals:3 | Reached skill level 9 in Evocations
 32640 | Shoals:4 | Entered Level 4 of the Shoals
 32851 | Shoals:4 | Got a shimmering short sword
 32852 | Shoals:4 | Identified the +10 short sword of Metoec {freeze, rC++ Dex+3} (You found it on level 4 of the Shoals)
 32936 | Shoals:4 | Reached XP level 19. HP: 78/103 MP: 26/26
 33053 | Shoals:4 | Reached skill level 10 in Dodging
 33249 | Shoals:4 | Noticed Ilsuiw
 33286 | Shoals:4 | HP: 25/103 [poisoned by a merfolk javelineer]
 33291 | Shoals:4 | HP: 23/103 [water elemental[Ilsuiw] (4)]
 33314 | Shoals:4 | Killed Ilsuiw
 33427 | Shoals:4 | Received a gift from Trog
 33487 | Shoals:4 | Reached skill level 13 in Fighting
 33554 | Shoals:4 | Got a crude ruby amulet
 33557 | Shoals:4 | Identified the amulet of Zeleun Biyh {Dismiss rF+ Stlth+} (You found it on level 4 of the Shoals)
 33650 | Shoals:4 | HP: 31/156 [merfolk javelineer/javelin (17)]
 33668 | Shoals:4 | HP: 18/104 [drowned by a drowned soul[a merfolk avatar] (4)]
 33673 | Shoals:4 | HP: 17/104 [drowned by a drowned soul[a merfolk avatar] (7)]
 33701 | Shoals:4 | Got a barnacled rune of Zot
 34233 | Vaults:1 | Entered Level 1 of the Vaults
 34265 | Vaults:1 | Noticed badtown's ghost (adept DECj)
 34298 | Vaults:1 | Killed badtown's ghost
 34298 | Vaults:1 | Reached skill level 12 in Armour
 34550 | Vaults:1 | Received a gift from Trog
 34702 | Vaults:1 | Noticed Wiglaf
 34735 | Vaults:1 | Killed Wiglaf
 34942 | Vaults:1 | Reached skill level 15 in Shields
 35527 | Vaults:1 | Received a gift from Trog
 36260 | Vaults:2 | Reached XP level 20. HP: 109/109 MP: 28/28
 36283 | Vaults:2 | Reached skill level 10 in Evocations
 36301 | Vaults:2 | HP: 20/109 [vault warden/great mace of holy wrath (14)]
 36309 | Vaults:2 | Reached skill level 13 in Stealth
 36512 | Vaults:2 | Found a staircase to the Crypt.
 36832 | Vaults:2 | Received a gift from Trog
 36970 | Vaults:2 | Received a gift from Trog
 36986 | Vaults:2 | Reached skill level 11 in Dodging
 37108 | Vaults:2 | Reached skill level 14 in Fighting
 37959 | Vaults:3 | Noticed a Tzitzimitl
 37970 | Vaults:3 | Received a gift from Trog
 38369 | Vaults:3 | Identified a +1 rod of shadows (13/13) (You found it on level 3 of the Vaults)
 38791 | Vaults:3 | Reached skill level 14 in Stealth
 39380 | Vaults:4 | Received a gift from Trog
 39388 | Vaults:4 | Reached XP level 21. HP: 116/116 MP: 30/30
 39656 | Vaults:4 | Reached skill level 11 in Evocations
 40104 | Vaults:4 | Reached skill level 15 in Fighting
 40358 | Vaults:4 | Reached skill level 13 in Armour
 40546 | Vaults:4 | Received a gift from Trog
 40857 | Vaults:4 | HP: 27/117 [boulder beetle (12)]
 40878 | Vaults:4 | HP: 29/117 [boulder beetle (7)]
 41285 | Depths:1 | Entered Level 1 of the Depths
 41312 | Depths:1 | Found a gateway to Hell.
 41392 | Depths:1 | Reached skill level 15 in Stealth
 41599 | Depths:1 | Received a gift from Trog
 41663 | Depths:1 | Reached XP level 22. HP: 76/122 MP: 23/31
 41748 | Depths:1 | Reached skill level 16 in Shields
 41805 | Depths:1 | Found a white marble altar of Elyvilon.
 41903 | Depths:1 | Got a tiger eye-encrusted scale mail
 41904 | Depths:1 | Identified the cursed +0 scale mail of the Depths {Slay+3} (You found it on level 1 of the Depths)
 41906 | Depths:1 | Reached skill level 12 in Dodging
 41906 | Depths:1 | Reached skill level 12 in Evocations
 41906 | Depths:1 | Reached XP level 23. HP: 127/127 MP: 31/33
 41907 | Depths:1 | Reached XP level 24. HP: 132/132 MP: 31/33
 42097 | Depths:1 | Found a gateway to a ziggurat.
 42313 | Depths:1 | Found a one-way gate leading to the halls of Pandemonium.
 43146 | Depths:2 | Found a magical portal.
 43155 | WizLab   | Entered Zonguldrok's Shrine
 43632 | WizLab   | Noticed an antique lich
 43640 | WizLab   | Killed an antique lich
 43646 | WizLab   | Received a gift from Trog
 44163 | Depths:2 | Noticed the Enchantress
 44182 | Depths:2 | Reached skill level 16 in Stealth
 44207 | Depths:2 | Killed the Enchantress
 44213 | Depths:2 | Got a faerie dragon armour
 44227 | Depths:2 | Identified the +1 faerie dragon armour {MP+3 Str+3 Dex+5} (You took it off the Enchantress on level 2 of the Depths)
 44273 | Depths:2 | Reached skill level 13 in Evocations
 45165 | Depths:2 | Paralysed by a giant eyeball for 2 turns
 45277 | Depths:2 | Received a gift from Trog
 45860 | Depths:3 | Reached skill level 16 in Fighting
 46004 | Depths:3 | Paralysed by a giant eyeball for 4 turns
 46012 | Depths:3 | Paralysed by a giant eyeball for 4 turns
 46065 | Depths:3 | Reached skill level 14 in Armour
 46155 | Depths:3 | Received a gift from Trog
 46317 | Depths:3 | Reached XP level 25. HP: 56/137 MP: 34/34
 47191 | Depths:3 | Received a gift from Trog
 47389 | Depths:3 | Found a glowing golden altar of the Shining One.
 47677 | Depths:4 | Reached skill level 14 in Evocations
 47994 | Depths:4 | Noticed a juggernaut
 48034 | Depths:4 | Killed a juggernaut
 48034 | Depths:4 | Reached skill level 13 in Dodging
 48333 | Depths:4 | Received a gift from Trog
 48366 | Depths:4 | Reached skill level 17 in Stealth
 48447 | Depths:4 | Got a coiled amber ring
 48449 | Depths:4 | Identified the ring of Compulsion {*Tele +Inv rC+ Str+6} (You took it off a crimson imp on level 4 of the Depths)
 48766 | Depths:4 | Reached skill level 17 in Shields
 49100 | Depths:5 | Entered Level 5 of the Depths
 49421 | Depths:5 | HP: 28/139 [purple draconian scorcher/bolt of fire (9)]
 49432 | Depths:5 | Received a gift from Trog
 49446 | Depths:5 | HP: 28/139 [acid (7)]
 49639 | Depths:5 | HP: 29/139 [deep troll (7)]
 49648 | Depths:5 | HP: 30/139 [bone dragon (2)]
 49659 | Depths:5 | Reached XP level 26. HP: 34/144 MP: 35/35
 49661 | Depths:5 | HP: 27/144 [bone dragon (8)]
 49984 | Depths:5 | Found a gate to the Realm of Zot.
 50307 | Zig:1    | Entered Level 1 of a ziggurat
 50327 | Zig:2    | Entered Level 2 of a ziggurat
 50346 | Zig:3    | Entered Level 3 of a ziggurat
 50394 | Zig:4    | Entered Level 4 of a ziggurat
 50399 | Zig:4    | Reached skill level 15 in Evocations
 50445 | Zig:5    | Entered Level 5 of a ziggurat
 50571 | Zig:6    | Entered Level 6 of a ziggurat
 50617 | Zig:6    | Gained mutation: You expend magic power (3 MP) to strengthen your wands. [a shining eye]
 50686 | Zig:7    | Entered Level 7 of a ziggurat
 50694 | Zig:7    | Received a gift from Trog
 50917 | Zig:8    | Entered Level 8 of a ziggurat
 50989 | Zig:8    | Got a scintillating wooden ring
 50991 | Zig:8    | Identified the ring of Awe {*Corrode AC+3 Str+4 Int+2 Dex+4} (You found it on level 8 of a ziggurat)
 51023 | Zig:9    | Entered Level 9 of a ziggurat
 51114 | Zig:9    | Identified the Collected Works on Fire (You found it on level 9 of a ziggurat)
 51119 | Zig:9    | Got a ring of the Octopus King
 51121 | Zig:9    | Identified a ring of the Octopus King {rF+ AC+1 EV+1 Str+1 Int+1 Dex+1} (You found it on level 9 of a ziggurat)
 51173 | Zig:10   | Entered Level 10 of a ziggurat
 51417 | Zig:11   | Entered Level 11 of a ziggurat
 51430 | Zig:11   | Reached skill level 17 in Fighting
 51430 | Zig:11   | Received a gift from Trog
 51434 | Zig:11   | Reached skill level 18 in Stealth
 51499 | Zig:11   | Identified a +5 rod of shadows (10/10) (You found it on level 11 of a ziggurat)
 51509 | Zig:11   | Got a bloodstained scimitar
 51510 | Zig:11   | Identified the +5 scimitar of Fighting Over It {elec, rPois MR- Str+6 Dex-3} (You found it on level 11 of a ziggurat)
 51549 | Zig:11   | Reached skill level 16 in Evocations
 51549 | Zig:11   | Reached XP level 27. HP: 149/149 MP: 35/36
 51555 | Zig:12   | Entered Level 12 of a ziggurat
 51562 | Zig:12   | HP: 31/149 [??? (18)]
 51563 | Zig:12   | HP: 15/149 [shot self (8)]
 51564 | Zig:12   | HP: 4/149 [shadow dragon zombie (7)]
 51673 | Zig:12   | Got a heavily runed silver amulet
 51692 | Zig:12   | Got a steaming plate armour
 51703 | Zig:12   | Identified the +6 plate armour of Instinct {rPois} (You found it on level 12 of a ziggurat)
 51704 | Zig:12   | Got a shimmering plate armour
 51715 | Zig:12   | Identified the +9 plate armour "Aptyisu" {Dex+7 SInv} (You found it on level 12 of a ziggurat)
 51747 | Zig:12   | Identified a +2 rod of shadows (13/13) (You found it on level 12 of a ziggurat)
 51755 | Zig:12   | Got a bloodstained flail
 51756 | Zig:12   | Identified the +6 flail "Ufirecaf" {freeze, *Confuse rElec rF+} (You found it on level 12 of a ziggurat)
 51759 | Zig:12   | Reached skill level 17 in Evocations
 52108 | Slime:1  | Entered Level 1 of the Pits of Slime
 52127 | Slime:2  | Gained mutation: Your spells are a little easier to cast, but a little less powerful. [a shining eye]
 52216 | Slime:2  | Reached skill level 15 in Armour
 52448 | Slime:3  | Killed Tanky's ghost
 52580 | Slime:6  | Entered Level 6 of the Pits of Slime
 52600 | Slime:6  | Received a gift from Trog
 52619 | Slime:5  | Reached skill level 18 in Evocations
 52657 | Slime:6  | Noticed Dissolution
 52660 | Slime:6  | Gained mutation: You are weak. (Str -2) [a shining eye]
 52682 | Slime:6  | Killed Dissolution
 52682 | Slime:6  | Reached skill level 18 in Shields
 52726 | Slime:6  | HP: 37/150 [acid (1)]
 52927 | Slime:6  | Gained mutation: You are clumsy. (Dex -2) [a shining eye]
 52928 | Slime:6  | Reached skill level 14 in Dodging
 53081 | Slime:6  | Found a viscous altar of Jiyva.
 53145 | Slime:6  | Noticed the Royal Jelly
 53300 | Slime:6  | Killed the Royal Jelly
 53471 | Slime:6  | Got a shimmering zirconium amulet
 53497 | Slime:6  | Identified the amulet of Ducoecil {RegenMP rPois Dex+4 Stlth+} (You found it on level 12 of a ziggurat)
 53498 | Slime:6  | Identified the amulet "Pewaesh" {Inacc Str+2} (You found it on level 6 of the Pits of Slime)
 53501 | Slime:6  | Got a shimmering plate armour
 53502 | Slime:6  | Identified the +8 plate armour of the Secret Seas {rF+ rCorr} (You found it on level 6 of the Pits of Slime)
 53547 | Slime:6  | Got a bloodstained scale mail
 53548 | Slime:6  | Identified the +3 scale mail "Roggos" {*Drain rElec rCorr Int+8} (You found it on level 6 of the Pits of Slime)
 53568 | Slime:6  | Got a pair of ichor-stained boots
 53581 | Slime:6  | Identified the +0 pair of boots of Qounoerch {rC+ Dex+4} (You found it on level 6 of the Pits of Slime)
 53585 | Slime:6  | Got a slimy rune of Zot
 53635 | Slime:6  | Got an encrusted rapier
 53636 | Slime:6  | Identified the +6 rapier of Hubris {antimagic, Fragile +Fly MR++ Int+4} (You found it on level 6 of the Pits of Slime)
 53659 | Slime:6  | Got a pitted short sword
 53660 | Slime:6  | Identified the +8 short sword of Fatigue {venom, *Contam Int+2 Dex+2} (You found it on level 6 of the Pits of Slime)
 53683 | Slime:6  | Gained mutation: You are dopey. (Int -2) [mutagenic glow]
 53753 | Slime:6  | Identified a +7 rod of clouds (12/12) (You found it on level 6 of the Pits of Slime)
 54087 | Elf:1    | Entered Level 1 of the Elven Halls
 54098 | Elf:1    | Lost mutation: You are weak. (Str -2) [potion of cure mutation]
 54098 | Elf:1    | Lost mutation: You are dopey. (Int -2) [potion of cure mutation]
 54098 | Elf:1    | Lost mutation: You expend magic power (3 MP) to strengthen your wands. [potion of cure mutation]
 54098 | Elf:1    | Lost mutation: You are clumsy. (Dex -2) [potion of cure mutation]
 54099 | Elf:1    | Lost mutation: Your spells are a little easier to cast, but a little less powerful. [potion of cure mutation]
 54100 | Elf:1    | Gained mutation: You have a pair of small horns on your head. [potion of beneficial mutation]
 54101 | Elf:1    | Gained mutation: You have a pair of horns on your head. [potion of beneficial mutation]
 54170 | Elf:1    | Gained mutation: You are agile. (Dex +2) [mutagenic glow]
 54271 | Elf:1    | Lost mutation: You are agile. (Dex +2) [potion of cure mutation]
 54271 | Elf:1    | Lost mutation: You have a pair of horns on your head. [potion of cure mutation]
 54272 | Elf:1    | Lost mutation: You have a pair of small horns on your head. [potion of cure mutation]
 54335 | Elf:1    | Received a gift from Trog
 54652 | Elf:1    | Identified the Incunabulum of the Trilobite
 54655 | Elf:1    | Received a gift from Trog
 55309 | Elf:2    | Found a runed gate.
 55313 | Elf:2    | Found a runed gate.
 55315 | Elf:2    | Found a runed gate.
 55483 | Elf:2    | Found a gateway to a bazaar.
 55498 | Bazaar   | Entered a bazaar
 55498 | Bazaar   | Found Suis's Distillery.
 55498 | Bazaar   | Found Anasih's Magic Scroll Shoppe.
 55498 | Bazaar   | Found Peghobum's Magic Scroll Shop.
 55500 | Bazaar   | Found Gopsis's Magic Scroll Boutique.
 55500 | Bazaar   | Found Unoyp's Antique Armour Shoppe.
 55520 | Bazaar   | Bought a scroll of blinking for 97 gold pieces
 55520 | Bazaar   | Bought a scroll of magic mapping for 45 gold pieces
 55523 | Bazaar   | Bought a scroll of recharging for 142 gold pieces
 55523 | Bazaar   | Bought a scroll of blinking for 112 gold pieces
 55528 | Bazaar   | Bought a transparent chain mail for 199 gold pieces
 55528 | Bazaar   | Bought a pair of transparent boots for 199 gold pieces
 55528 | Bazaar   | Bought a pair of twisted gloves for 199 gold pieces
 55538 | Bazaar   | Identified the +2 pair of boots "Xefoiff" {rC+ Regen+ Dex+4} (You bought it in a shop in a bazaar)
 55549 | Bazaar   | Identified the +9 chain mail of Ashenzari's Hope {rF- rN+ MP-9 Str+8} (You bought it in a shop in a bazaar)
 55571 | Bazaar   | Identified the +0 pair of gloves "Begokk" {SInv} (You bought it in a shop in a bazaar)
 55730 | Elf:2    | Received a gift from Trog
 55785 | Elf:2    | Reached skill level 19 in Stealth
 56319 | Elf:3    | Entered Level 3 of the Elven Halls
 56364 | Elf:3    | Found Ijisoytu's Magic Scroll Shop.
 56389 | Elf:3    | Bought a scroll of blinking for 120 gold pieces
 56389 | Elf:3    | Bought a scroll of enchant armour for 120 gold pieces
 56389 | Elf:3    | Bought a scroll of silence for 120 gold pieces
 56847 | Elf:3    | Reached skill level 19 in Evocations
 56988 | Elf:3    | Received a gift from Trog
 57161 | Elf:3    | Got a steaming robe
 57323 | Elf:3    | Got a steaming golden ring
 57325 | Elf:3    | Identified the ring "Iffuh" {+Blink rN+ MR++} (You took it off a deep elf mage on level 3 of the Elven Halls)
 57973 | Vaults:5 | Entered Level 5 of the Vaults
 57978 | Vaults:5 | Reached skill level 19 in Shields
 58060 | Vaults:5 | Reached skill level 15 in Dodging
 58085 | Vaults:5 | Received a gift from Trog
 58087 | Vaults:5 | Reached skill level 20 in Shields
 58118 | Vaults:5 | Noticed an ancient lich
 58134 | Vaults:4 | Reached skill level 16 in Dodging
 58444 | Vaults:4 | HP: 37/151 [poisoned by an ancient lich (poison arrow)]
 58450 | Vaults:4 | Killed an ancient lich
 58450 | Vaults:4 | HP: 34/151 [poisoned by an ancient lich (poison arrow)]
 58456 | Vaults:4 | HP: 29/151 [poisoned by an ancient lich (poison arrow)]
 58468 | Vaults:4 | HP: 36/151 [poisoned by an ancient lich (poison arrow)]
 58469 | Vaults:4 | Reached skill level 17 in Dodging
 58484 | Vaults:4 | Received a gift from Trog
 58851 | Vaults:5 | Reached skill level 18 in Fighting
 59021 | Vaults:5 | Noticed an ancient lich
 59055 | Vaults:5 | Killed an ancient lich
 59084 | Vaults:5 | Received a gift from Trog
 59218 | Vaults:5 | Reached skill level 16 in Armour
 59396 | Vaults:5 | Identified the Compendium of the Voyage and Dark Secrets
 59422 | Vaults:5 | Noticed an ancient lich
 59442 | Vaults:5 | Killed an ancient lich
 59954 | Vaults:5 | Found Takos's Distillery.
 59959 | Vaults:5 | Bought a potion of cure mutation for 375 gold pieces
 59959 | Vaults:5 | Bought a potion of haste for 150 gold pieces
 59959 | Vaults:5 | Bought a potion of resistance for 150 gold pieces
 59959 | Vaults:5 | Bought a potion of might for 60 gold pieces
 59959 | Vaults:5 | Bought a potion of haste for 150 gold pieces
 59966 | Vaults:5 | Found Serozyikh's Distillery.
 59999 | Vaults:5 | Got a silver rune of Zot
 60026 | Vaults:5 | Found Maqah Lirr's Magic Scroll Shoppe.
 60162 | Vaults:5 | Got a brightly glowing short sword
 60163 | Vaults:5 | Identified the +4 short sword of the Hidden Vale {pierce, Str+4 Dex+5} (You found it on level 5 of the Vaults)
 60198 | Vaults:5 | Received a gift from Trog
 60245 | Vaults:5 | Upgraded the game from 0.19-a0-198-gc02d5d8 to 0.19-a0-231-gae044c8
 60586 | Zot:1    | Entered Level 1 of the Realm of Zot
 60832 | Zot:1    | Reached skill level 15 in Short Blades
 60852 | Zot:1    | Reached skill level 18 in Dodging
 61290 | Zot:4    | Received a gift from Trog
 61300 | Zot:5    | Entered Level 5 of the Realm of Zot
 61627 | Zot:5    | Noticed an ancient lich
 61632 | Zot:5    | Noticed an orb of fire
 61636 | Zot:5    | Noticed an orb of fire
 61643 | Zot:5    | Noticed an orb of fire
 61643 | Zot:5    | Killed an ancient lich
 61645 | Zot:5    | Noticed an orb of fire
 61658 | Zot:5    | Killed an orb of fire
 61661 | Zot:5    | Noticed an ancient lich
 61680 | Zot:5    | Killed an orb of fire
 61682 | Zot:5    | Gained mutation: You are frail. (-10% HP) [an orb of fire]
 61695 | Zot:5    | Gained mutation: Your body sometimes deteriorates upon taking damage. [an orb of fire]
 61698 | Zot:5    | Gained mutation: You are very frail. (-20% HP) [an orb of fire]
 61698 | Zot:5    | Gained mutation: Your body often deteriorates upon taking damage. [an orb of fire]
 61708 | Zot:5    | Noticed an ancient lich
 61710 | Zot:5    | Noticed an orb of fire
 61726 | Zot:5    | HP: 17/122 [Hell Sentinel[an ancient lich] (17)]
 61730 | Zot:5    | Gained mutation: You expend magic power (3 MP) to strengthen your wands. [an orb of fire]
 61731 | Zot:5    | Killed an ancient lich
 61731 | Zot:5    | Reached skill level 20 in Evocations
 61732 | Zot:5    | HP: 15/123 [Orb Guardian (2)]
 61733 | Zot:5    | Gained mutation: Scrolls take you a little longer to read. [an orb of fire]
 61734 | Zot:5    | Noticed an ancient lich
 61739 | Zot:5    | HP: 17/123 [Orb Guardian (4)]
 61744 | Zot:5    | HP: 14/123 [Orb Guardian (7)]
 61747 | Zot:5    | Gained mutation: Your spells are a little easier to cast, but a little less powerful. [an orb of fire]
 61750 | Zot:5    | Got the Orb of Zot
 61750 | Zot:5    | Mangled by an Orb Guardian

Vault maps used:
D:1:      saegor_arrival_simple_f, nicolae_ashenzari_panopticon
D:2:      grunt_pakellas_mercury, uniq_jessica, uniq_iyjb,
          uniq_crazy_yiuf_cottage
D:3:      gup_sewer_entry_bubbles, ecumenical_altar_1, first_bread,
          grunt_ministairs_6, trog_three_pillars_becter
D:4:      temple_fountains, serial_shops, nicolae_shop_stone, trog_wizard,
          uniq_pikel
D:5:      nicolae_overflow_hidden_temple, nicolae_ossuary_entry_monument,
          serial_shops, kennysheep_little_box, hangedman_decor_push
D:6:      uniq_eustachio, uniq_menkaure
D:8:      minmay_stone_trees_small
D:9:      grunt_temple_overflow_holy_war, grunt_livestock, uniq_maurice
D:10:     orc_0_dummy, st_stairs_13, minmay_misc_feat_ornament, minmay_holes
D:11:     minmay_cut_squares, david_lair_shrubbed
D:12:     lab_entry_generic, serial_shops, shop, uniq_urug
D:13:     serial_shops, shop, kennysheep_generic_room_7
D:14:     grunt_vaults_entry_tiered
D:15:     grunt_enter_depths_hoard, minivault_26, spider_trap, worms_lemuel
Lair:1:   minivault_27, minivault_25
Lair:2:   kennysheep_rathole, bh_autumn_forest_stairs, grunt_megastairs_5
Lair:3:   shoals_dummy_entry, basic_altar, minmay_lair_oklob_bushes,
          grunt_megastairs_1
Lair:4:   beast_lair_carwin_large_1, nicolae_spider_entry_non_spiders,
          portal_ice_cave_entry_imps, grunt_forest_stairs_basic, st_stairs_6,
          nicolae_quartered_pool_little, kennysheep_basilisk_garden
Lair:5:   serial_bayou_lagoon_a, serial_bayou_pond_c, grunt_megastairs_4,
          infiniplex_staircase_pool_2, lemuel_fruit_tree
Lair:7:   minmay_hedge_maze, serial_bayou_shore_a, uniq_snorg
Lair:8:   grunt_lair_end_beastmaster, dpeg_slime_entry_enclosed_altar,
          minivault_23
Shoals:1: serial_shops, nicolae_shop_temple_entry_statues_fountains,
          uniq_josephine
Shoals:2: serial_shops, shop_fountains, uniq_aizul, uniq_nikola
Shoals:4: shoals_end_hangedman, shoals_ilsuiw_alternative
Spider:1: nicolae_spider_mines_2
Spider:3: uniq_louise, uniq_arachne
Spider:4: spider_rune_water, spider_trap, uniq_mara, uniq_roxanne
Slime:1:  cheibrodos_slime_lost_civilization_6
Slime:3:  hangedman_slime_spill
Slime:6:  uniq_dissolution
Orc:1:    enter_volcano_2
Orc:2:    st_orc_elflike
Elf:1:    minmay_elf_demonology, minmay_elf_annihilation
Elf:2:    serial_shops, statue_bzr, grunt_ministairs_3
Elf:3:    elf_hall, serial_shops, shop
Vaults:1: v_misc_28, vaults_mumra_hexcomb, hangedman_vaults_snaps,
          vaults_dpeg_diagonal, ontoclasm_vaults_loading_screen,
          nicolae_vaults_three_branches, v_misc_24,
          nicolae_vaults_little_squares_1, uniq_wiglaf
Vaults:2: v_alt_pattern_4, ontoclasm_vaults_bender, serial_ice_g,
          nicolae_vaults_network_quinsquares, minmay_crypt_entry_simple_box,
          nicolae_vaults_what_the_h, vaults_room_boxed, hangedman_vaults_slice,
          nicolae_vaults_ring_of_whatevers, v_misc_5, vaults_room_stairs_pillars
Vaults:3: v_misc_26, ontoclasm_vaults_shuriken, nicolae_vaults_circle_grid_b,
          nicolae_vaults_stairing_the_circle, hangedman_vaults_slice,
          nicolae_vaults_statue_guard, v_misc_11, vaults_mumra_hex, v_pattern_1
Vaults:4: ontoclasm_vaults_chip, v_misc_5, nicolae_vaults_little_squares_2,
          v_misc_9, ontoclasm_vaults_chip, hangedman_vaults_corner,
          hangedman_vaults_maws, nicolae_vaults_little_ls, v_alt_pattern_3,
          nicolae_vaults_fighting_squares, v_misc_17, ontoclasm_vaults_pinch,
          vaults_dpeg_hooks
Depths:1: enter_ziggurat_e, rand_demon_pan_entry_1, hell_entry, basic_altar,
          kennysheep_inner_square, kennysheep_random_hallway
Depths:2: wad_mega_maze, mu_enter_wizlab_5, pf_hell_entry_tar_spiral,
          kennysheep_generic_room_5, uniq_enchantress
Depths:3: minmay_connected_triangles_in_corner, pf_coc_iceberg, tso_altar,
          rand_demon_pan_entry_7
Depths:4: evilmike_cross, hell_entry, minmay_room_of_horrors,
          nicolae_two_hexagons, pan_entry, minmay_fire_ice_demons
Depths:5: grunt_twist_and_shout, abandoned_shop, hell_entry,
          hangedman_decor_riveting
Zot:4:    st_single_dragon_hoard_1, nicolae_lava_and_water, zot_minivault_1
Zot:5:    nicolae_zot_crop_circle
Zig:5:    ziggurat_pillar_centre_c
Zig:10:   ziggurat_loot_2
Lab:      labyrinth_hidden_loot, nicolae_lab_stuck, nicolae_lab_big_swirl,
          nicolae_lab_dead_end, nicolae_lab_x, nicolae_lab_grate_2,
          labyrinth_skeletal_remains
Bazaar:   bazaar_minmay_generic_island
Sewer:    sewer_minmay_w
Ossuary:  minmay_ossuary_two_tombs
IceCv:    ice_cave_small_dragons
Volcano:  volcano_tomb
WizLab:   wizlab_zonguldrok

Skill      XL: |  1  2  3  4  5  6  7  8  9 10 11 12 13 14 15 16 17 18 19 20 21 22 23 24 25 26 27 |
---------------+----------------------------------------------------------------------------------+-----
Short Blades   | 3 4 5 7 9 10 12 13 14 15 | 15.4
Fighting       | 3 4 5 6 7 8 9 10 11 12 13 14 15 16 17 18 | 18.8
Armour         | 2 3 4 5 6 7 8 9 10 11 12 13 14 16 | 16.6
Dodging        | 2 3 4 5 6 7 8 9 10 11 12 13 18 | 18.2
Shields        | 2 5 7 9 10 11 13 14 15 16 17 20 | 20.7
Stealth        | 3 5 7 9 10 12 14 15 16 17 18 19 | 19.4
Evocations     | 1 3 5 6 7 9 10 11 12 13 14 16 20 | 20.0
Long Blades    | |  0.1

Action                   |  1- 3 |  4- 6 |  7- 9 | 10-12 | 13-15 | 16-18 | 19-21 | 22-24 | 25-27 || total
-------------------------+-------+-------+-------+-------+-------+-------+-------+-------+-------++-------
Melee: Short sword       |    52 |   270 |   527 |     1 |       |       |       |       |       ||   850
       Bite              |    20 |    67 |   198 |   498 |   860 |  1252 |  1385 |   681 |  2588 ||  7549
       Rapier            |       |       |       |   808 |       |       |       |       |       ||   808
       Cutlass           |       |       |       |   322 |  1528 |  2672 |  2532 |  1110 |  3958 || 12122
       Quick blade       |       |       |       |       |   296 |     7 |       |       |       ||   303
 Fire: Blowgun           |       |       |       |       |     1 |     1 |       |       |       ||     2
Invok: Berserk           |     1 |     7 |     4 |    13 |    11 |     7 |     5 |     2 |     6 ||    56
       Burn Spellbooks   |       |       |       |     3 |     8 |     4 |     2 |     3 |    18 ||    38
       Brothers in Arms  |       |       |       |       |     2 |     5 |       |     1 |     3 ||    11
       Trog's Hand       |       |       |       |       |     1 |     5 |     3 |     2 |     4 ||    15
 Abil: Evoke Invisibilit |       |       |       |       |       |       |       |       |     1 ||     1
Evoke: Wand              |       |       |       |     4 |       |     1 |     4 |       |     4 ||    13
       Disc of storms    |       |       |       |       |       |     2 |    14 |       |    41 ||    57
       Deck              |       |       |       |       |       |       |     1 |       |       ||     1
       Sack of spiders   |       |       |       |       |       |       |       |     1 |       ||     1
  Use: Scroll            |       |     3 |    10 |     6 |    17 |    13 |     4 |     4 |    31 ||    88
       Potion            |       |       |       |     5 |     8 |     5 |     5 |     2 |    25 ||    50
 Stab: Sleeping          |     1 |       |       |     3 |    32 |    19 |    21 |     4 |    45 ||   125
       Distracted        |       |       |       |       |     4 |     3 |     5 |     6 |    10 ||    28
       Held in net/web   |       |       |       |       |       |     1 |       |       |       ||     1
       Invisible         |       |       |       |       |       |       |    10 |       |     8 ||    18
  Eat: Chunk             |       |    13 |    12 |    25 |    32 |    17 |    16 |     4 |     8 ||   127
       Pizza             |       |       |     1 |     4 |     3 |     3 |       |       |     4 ||    15
       Beef jerky        |       |       |     1 |     6 |     1 |     3 |       |       |     3 ||    14
       Meat ration       |       |       |       |       |     1 |     4 |     4 |     3 |     5 ||    17
       Fruit             |       |       |       |       |       |       |       |       |    16 ||    16
       Royal jelly       |       |       |       |       |       |       |       |       |     1 ||     1
Armor: Animal skin       |     5 |     7 |       |       |       |       |       |       |       ||    12
       Ring mail         |       |    85 |    16 |       |       |       |       |       |       ||   101
       Plate armour      |       |       |   181 |   144 |       |       |       |       |   336 ||   661
       Scale mail        |       |       |       |    86 |   236 |   422 |   330 |    99 |   300 ||  1473
Dodge: Dodged            |    26 |   207 |   158 |   196 |   332 |   659 |   591 |   156 |  1084 ||  3409
Block: Other             |       |       |   110 |    92 |       |       |       |       |       ||   202
       Reflection        |       |       |     2 |     3 |     3 |    62 |    81 |    47 |    58 ||   256
       Shield            |       |       |       |   259 |   537 |  1589 |   457 |       |       ||  2842
       Large shield      |       |       |       |       |       |       |  1380 |   660 |  3413 ||  5453

Vault maps used:
D:1:      saegor_arrival_simple_f, nicolae_ashenzari_panopticon
D:2:      grunt_pakellas_mercury, uniq_jessica, uniq_iyjb,
          uniq_crazy_yiuf_cottage
D:3:      gup_sewer_entry_bubbles, ecumenical_altar_1, first_bread,
          grunt_ministairs_6, trog_three_pillars_becter
D:4:      temple_fountains, serial_shops, nicolae_shop_stone, trog_wizard,
          uniq_pikel
D:5:      nicolae_overflow_hidden_temple, nicolae_ossuary_entry_monument,
          serial_shops, kennysheep_little_box, hangedman_decor_push
D:6:      uniq_eustachio, uniq_menkaure
D:8:      minmay_stone_trees_small
D:9:      grunt_temple_overflow_holy_war, grunt_livestock, uniq_maurice
D:10:     orc_0_dummy, st_stairs_13, minmay_misc_feat_ornament, minmay_holes
D:11:     minmay_cut_squares, david_lair_shrubbed
D:12:     lab_entry_generic, serial_shops, shop, uniq_urug
D:13:     serial_shops, shop, kennysheep_generic_room_7
D:14:     grunt_vaults_entry_tiered
D:15:     grunt_enter_depths_hoard, minivault_26, spider_trap, worms_lemuel
Lair:1:   minivault_27, minivault_25
Lair:2:   kennysheep_rathole, bh_autumn_forest_stairs, grunt_megastairs_5
Lair:3:   shoals_dummy_entry, basic_altar, minmay_lair_oklob_bushes,
          grunt_megastairs_1
Lair:4:   beast_lair_carwin_large_1, nicolae_spider_entry_non_spiders,
          portal_ice_cave_entry_imps, grunt_forest_stairs_basic, st_stairs_6,
          nicolae_quartered_pool_little, kennysheep_basilisk_garden
Lair:5:   serial_bayou_lagoon_a, serial_bayou_pond_c, grunt_megastairs_4,
          infiniplex_staircase_pool_2, lemuel_fruit_tree
Lair:7:   minmay_hedge_maze, serial_bayou_shore_a, uniq_snorg
Lair:8:   grunt_lair_end_beastmaster, dpeg_slime_entry_enclosed_altar,
          minivault_23
Shoals:1: serial_shops, nicolae_shop_temple_entry_statues_fountains,
          uniq_josephine
Shoals:2: serial_shops, shop_fountains, uniq_aizul, uniq_nikola
Shoals:4: shoals_end_hangedman, shoals_ilsuiw_alternative
Spider:1: nicolae_spider_mines_2
Spider:3: uniq_louise, uniq_arachne
Spider:4: spider_rune_water, spider_trap, uniq_mara, uniq_roxanne
Slime:1:  cheibrodos_slime_lost_civilization_6
Slime:3:  hangedman_slime_spill
Slime:6:  uniq_dissolution
Orc:1:    enter_volcano_2
Orc:2:    st_orc_elflike
Elf:1:    minmay_elf_demonology, minmay_elf_annihilation
Elf:2:    serial_shops, statue_bzr, grunt_ministairs_3
Elf:3:    elf_hall, serial_shops, shop
Vaults:1: v_misc_28, vaults_mumra_hexcomb, hangedman_vaults_snaps,
          vaults_dpeg_diagonal, ontoclasm_vaults_loading_screen,
          nicolae_vaults_three_branches, v_misc_24,
          nicolae_vaults_little_squares_1, uniq_wiglaf
Vaults:2: v_alt_pattern_4, ontoclasm_vaults_bender, serial_ice_g,
          nicolae_vaults_network_quinsquares, minmay_crypt_entry_simple_box,
          nicolae_vaults_what_the_h, vaults_room_boxed, hangedman_vaults_slice,
          nicolae_vaults_ring_of_whatevers, v_misc_5, vaults_room_stairs_pillars
Vaults:3: v_misc_26, ontoclasm_vaults_shuriken, nicolae_vaults_circle_grid_b,
          nicolae_vaults_stairing_the_circle, hangedman_vaults_slice,
          nicolae_vaults_statue_guard, v_misc_11, vaults_mumra_hex, v_pattern_1
Vaults:4: ontoclasm_vaults_chip, v_misc_5, nicolae_vaults_little_squares_2,
          v_misc_9, ontoclasm_vaults_chip, hangedman_vaults_corner,
          hangedman_vaults_maws, nicolae_vaults_little_ls, v_alt_pattern_3,
          nicolae_vaults_fighting_squares, v_misc_17, ontoclasm_vaults_pinch,
          vaults_dpeg_hooks
Depths:1: enter_ziggurat_e, rand_demon_pan_entry_1, hell_entry, basic_altar,
          kennysheep_inner_square, kennysheep_random_hallway
Depths:2: wad_mega_maze, mu_enter_wizlab_5, pf_hell_entry_tar_spiral,
          kennysheep_generic_room_5, uniq_enchantress
Depths:3: minmay_connected_triangles_in_corner, pf_coc_iceberg, tso_altar,
          rand_demon_pan_entry_7
Depths:4: evilmike_cross, hell_entry, minmay_room_of_horrors,
          nicolae_two_hexagons, pan_entry, minmay_fire_ice_demons
Depths:5: grunt_twist_and_shout, abandoned_shop, hell_entry,
          hangedman_decor_riveting
Zot:4:    st_single_dragon_hoard_1, nicolae_lava_and_water, zot_minivault_1
Zot:5:    nicolae_zot_crop_circle
Zig:5:    ziggurat_pillar_centre_c
Zig:10:   ziggurat_loot_2
Lab:      labyrinth_hidden_loot, nicolae_lab_stuck, nicolae_lab_big_swirl,
          nicolae_lab_dead_end, nicolae_lab_x, nicolae_lab_grate_2,
          labyrinth_skeletal_remains
Bazaar:   bazaar_minmay_generic_island
Sewer:    sewer_minmay_w
Ossuary:  minmay_ossuary_two_tombs
IceCv:    ice_cave_small_dragons
Volcano:  volcano_tomb
WizLab:   wizlab_zonguldrok

Table legend:
 A = Turns spent in this place as a percentage of turns spent in the entire game.
 B = Non-inter-level travel turns spent in this place as a percentage of non-inter-level travel turns spent in the entire game.
 C = Inter-level travel turns spent in this place as a percentage of turns spent in this place.
 D = Turns resting spent in this place as a percentage of non-inter-level travel turns spent in this place.
 E = Turns spent auto-exploring this place as a percentage of non-inter-level travel turns spent in this place.
 F = Non-inter-level travel turns spent in this place divided by the number of levels of this place that you've seen.
                   A       B       C       D       E      F
               +-------+-------+-------+-------+-------+----------------------
         Total | 100.0 | 100.0 |   0.4 |   2.1 |   5.2 | 375.0
       Dungeon |  14.9 |  14.8 |   0.8 |   2.1 |   9.3 | 281.9
          Lair |  11.5 |  11.5 |   0.5 |   3.2 |   5.9 | 409.8
        Shoals |   8.4 |   8.4 |   0.3 |   2.8 |   4.0 | 599.2
   Spider Nest |   8.7 |   8.7 |   0.3 |   3.3 |   3.5 | 622.8
    Slime Pits |   5.0 |   5.0 |   0.1 |   1.8 |   0.6 | 237.3
  Orcish Mines |   2.3 |   2.3 |   1.1 |   2.7 |   8.4 | 328.0
   Elven Halls |   6.8 |   6.8 |   0.4 |   1.0 |   5.7 | 646.3
        Vaults |  15.1 |  15.1 |   0.3 |   1.3 |   6.0 | 862.4
        Depths |  13.8 |  13.9 |   0.3 |   1.8 |   4.5 | 789.6
           Zot |   3.5 |   3.5 |   0.0 |   0.6 |   2.9 | 198.8
      Ziggurat |   3.2 |   3.2 |   0.0 |   3.6 |   0.3 |  76.1
     Labyrinth |   0.9 |   1.0 |   0.0 |   1.5 |   0.0 | 271.0
        Bazaar |   0.1 |   0.1 |   0.0 |   0.0 |  13.2 |  38.0
         Sewer |   1.5 |   1.6 |   0.0 |   4.3 |   3.6 | 443.0
       Ossuary |   0.8 |   0.8 |   0.0 |   0.0 |   5.9 | 222.0
      Ice Cave |   0.9 |   0.9 |   0.0 |   6.0 |   3.6 | 249.0
       Volcano |   0.7 |   0.7 |   0.0 |   0.0 |   5.3 | 188.0
        Wizlab |   1.8 |   1.8 |   0.0 |   0.4 |   2.9 | 510.0
               +-------+-------+-------+-------+-------+----------------------

Table legend:
 A = Kills in this place as a percentage of kills in entire the game.
 B = Kills by you in this place as a percentage of kills by you in the entire game.
 C = Kills by friends in this place as a percentage of kills by friends in the entire game.
 D = Other kills in this place as a percentage of other kills in the entire game.
 E = Experience gained in this place as a percentage of experience gained in the entire game.
 F = Experience gained in this place divided by the number of levels of this place that you have seen.
                   A       B       C       D       E      F
               +-------+-------+-------+-------+-------+----------------------
         Total | 100.0 | 100.0 | 100.0 | 100.0 | 100.0 | 20519.9
       Dungeon |  15.2 |  15.5 |   0.0 |   0.0 |   3.7 | 3805.3
          Lair |  12.4 |  12.7 |   0.0 |   0.0 |   4.9 | 9575.0
        Shoals |   6.4 |   6.0 |  30.8 |  11.1 |   6.3 | 24578.8
   Spider Nest |   7.9 |   7.7 |  25.6 |   3.7 |   6.0 | 23325.5
    Slime Pits |   3.8 |   3.9 |   0.0 |   0.0 |   5.8 | 15081.7
  Orcish Mines |   3.3 |   3.0 |  28.2 |   0.0 |   1.1 | 8550.0
   Elven Halls |   6.6 |   6.7 |   0.0 |   0.0 |   8.8 | 45754.0
        Vaults |  18.7 |  18.7 |   7.7 |  37.0 |  27.3 | 85083.8
        Depths |  12.8 |  12.6 |   5.1 |  44.4 |  18.8 | 58777.6
           Zot |   2.3 |   2.3 |   0.0 |   0.0 |   9.0 | 28159.0
      Ziggurat |   4.6 |   4.6 |   0.0 |   3.7 |   6.5 | 8387.9
     Labyrinth |   0.3 |   0.4 |   0.0 |   0.0 |   0.2 | 2402.0
         Sewer |   1.8 |   1.9 |   0.0 |   0.0 |   0.0 | 536.0
       Ossuary |   1.4 |   1.4 |   0.0 |   0.0 |   0.0 | 507.0
      Ice Cave |   0.7 |   0.7 |   0.0 |   0.0 |   0.3 | 4891.0
       Volcano |   0.6 |   0.6 |   0.0 |   0.0 |   0.2 | 3764.0
        Wizlab |   1.3 |   1.2 |   2.6 |   0.0 |   1.1 | 16509.0
               +-------+-------+-------+-------+-------+----------------------
